 BcadrenCrawl: Boulder Brew version 0.03.3.1-31-gd4c2611de9 (webtiles) character file.

Game seed: 7548988752905185101, levelgen mode: deterministic

22 Chiseanne the Ducker (level 3, 25/25 HPs) Goblin Demonspawn. Began on Mar 18, 2021. Quit the game on level 1 of the Dungeon. The game lasted 00:00:44 (148 turns).

Chiseanne the Ducker (Goblin Demonspawn)             Turns: 148, Time: 00:00:44

Health: 25/25      AC:  6    Str:  8    XL:     3 ^: 37
Magic:  4/4        EV: 13    Int:  6    God:
Gold:   36         SH:  0    Dex:  6    Spells: 3/4 levels left

rFire    . . .     Vision   .   a - +0 rapier
rCold    . . .     Gourm    .   e - +0 short sword
rNeg     . . .     Faith    .   i - +0 ring mail
rPois    .         Spirit   .   (helmet restricted)
rElec    .         Reflect  .   (no cloak)
rCorr    .         Harm     .   (no gloves)
MR       .....                  (no boots)
Stlth    +.........             (no amulet)
HPRegen  0.18/turn              (no ring)
MPRegen  0.14/turn              (no ring)

@: no status effects
A: small, stagnant stats, goblin's greed, antennae 1, rugged brown scales 1, low
mp 1, mutation resistance 1, god's pity 2
a: no special abilities


You were on level 1 of the Dungeon.
You were not hungry.

You visited 1 branch of the dungeon, and saw 1 of its levels.

You collected 28 gold pieces.

Inventory:

Weapons
 a - a +0 rapier (weapon)
 e - a +0 short sword (weapon)
Armour
 i - a +0 ring mail (worn)
Scrolls
 c - a scroll of fog
 f - a scroll of fear
Potions
 h - 2 potions of cure mutation
 j - a potion of curing
Comestibles
 d - a ration
 g - 2 chunks of flesh


   Skills:
 * Level 2.5 Fighting
 - Level 2.6 Short Blades
 * Level 0.5 Armour
 * Level 4.5 Dodging
 - Level 2.6 Stealth
 - Level 1.3 Spellcasting
 - Level 2.6 Fire Magic
   Level 4.0 Invocations


You had 3 spell levels left.
You knew the following spells:

 Your Spells              Type           Power        Failure   Level  Hunger
a - Flame Tongue          Fire           3 (30)       26%         1    ##.....

Your spell library contained the following spells:

 Spells                   Type           Power        Failure   Level  Hunger
 Conjure Flame            Fire           3 (100)      58%         3    ####...
 Blink                    Tloc           N/A          75%         2    ###....
 Call Imp                 Summ           0 (100)      75%         2    ###....
 Slow                     Hex            0 (100)      75%         2    ###....
 Mephitic Cloud           Pois/Air       0 (100)      92%         3    ####...


Dungeon Overview and Level Annotations

Branches:
Dungeon (1/8)

Altars:


Innate Abilities, Weirdness & Mutations

Your stats never grow through leveling.
Your goblin ancestry allows you to find more gold. (+20%)
You are small and have problems with some larger weapons.
You have a pair of small antennae on your head.
You are partially covered in rugged brown scales. (AC +1, +3% HP)
Your magical capacity is low. (-10% MP)
You are somewhat resistant to further mutation.
The pity of the gods increases the power of your passive and invoked divine abilities.


Message History

Wear which item? (? for menu, Esc to quit)
You start removing your armour.
You continue taking off your +0 leather armour. x4
You finish taking off your +0 leather armour.
You start putting on your armour.
You continue putting on your +0 ring mail. x5
You finish putting on your +0 ring mail.
Drop what? 10/52 slots (_ for help) (? for menu, Esc to quit)
You drop a +0 leather armour.
You now have 36 gold pieces (gained 4).
A cinder newt comes into view.
The cinder newt closely misses you (0).
You puncture the cinder newt (8)! You miss the cinder newt.
The cinder newt bites you (0).
You barely miss the cinder newt. You hit the cinder newt (6).
You kill the cinder newt!
You have reached level 3!
Your demonic ancestry asserts itself...
A pair of antennae grows on your head!
Are you sure you want to abandon this character and quit the game? (Confirm with "yes".)

....# # #.#
####...#.# #.#
#......#.# #.#
#.##[....# #.#
#.##...##### #.#
#.##†....... #.#
#.##..###### #†#
#.##..# #.# #@#
#.##..######.#
###.###.##..##...#.#
#.......##.....#...#
#######.........#..#
#.........#..#
#..#≈#....#..#
....>≈....)†...
.##.#≈≈#.....#†#
..#..#.....#).


There were no monsters in sight!

Vanquished Creatures
  A cinder newt (D:1)
  A dart slug (D:1)
  A leopard gecko (D:1)
  3 goblins (D:1)
  2 hobgoblins (D:1)
  A kobold (D:1)
  3 rats (D:1)
12 creatures vanquished.

Notes
Turn   | Place    | Note
-------+----------+-------------------------------------------
     0 | D:1      | Chiseanne the Goblin Demonspawn began the quest for the
                  | Orb.
     0 | D:1      | Reached XP level 1. HP: 13/13 MP: 2/2
    65 | D:1      | Gained mutation: You are partially covered in rugged brown
                  | scales. (AC +1, +3% HP) [demonic ancestry]
    65 | D:1      | Reached XP level 2. HP: 11/19 MP: 3/3
   147 | D:1      | Gained mutation: You have a pair of small antennae on your
                  | head. [demonic ancestry]
   147 | D:1      | Reached XP level 3. HP: 25/25 MP: 4/4
   148 | D:1      | Quit the game

Levels and vault maps discovered:
D:1:      roderic_chinese_lattice_arrival, layout_basic, minmay_misc_feat_x

Skill      XL: |  1  2 |
---------------+-------+-----
Fighting       | 2 |  2.5
Short Blades   | |  2.6
Armour         | |  0.5
Dodging        | |  4.5
Stealth        | |  2.6
Spellcasting   | |  1.3
Fire Magic     | |  2.6
Invocations    | |  4.0

Action                   || total
-------------------------++-------
Melee: Rapier            ||    26
       Unarmed           ||     9
       Short sword       ||     7
Armor: Leather armour    ||     2
       Ring mail         ||     1
Dodge: Dodged            ||    17
